 Dungeon Crawl Stone Soup version 0.30-a0-389-g8d7d949f56 (webtiles) character file.

Game seed: 16692572053504033596

1682 karrick the Basher (level 9, 0/55 HPs)
             Began as a Gargoyle Fighter on Dec 3, 2022.
             Was a Follower of Okawaru.
             Slain by a wight
             ... wielding a +0 battleaxe
              (8 damage)
             ... on level 7 of the Dungeon.
             The game lasted 00:10:40 (4099 turns).

karrick the Basher (Gargoyle Fighter)               Turns: 4099, Time: 00:10:41

Health: 0/55       AC: 18    Str: 21    XL:     9   Next: 2%
Magic:  0/9        EV: 10    Int:  8    God:    Okawaru [*.....]
Gold:   412        SH:  6    Dex: 19    Spells: 8/8 levels left

rFire   . . .      SeeInvis .    x - +3 flail
rCold   . . .      Faith    .    c - +0 buckler
rNeg    + + .      Spirit   +    l - +2 ring mail {rN+}
rPois   ∞          Reflect  .    w - +0 helmet
rElec   +          Harm     .    (no cloak)
rCorr   .          Rampage  .    (no gloves)
Will    .....                    y - +1 pair of boots
Stlth   ++........               d - amulet of guardian spirit
HPRegen 0.29/turn                n - +6 ring of dexterity
MPRegen 0.11/turn                (no ring)

@: no status effects
A: sickness immunity, AC +6, negative energy resistance 1, electricity
resistance, torment resistance 1, petrification resistance
a: Renounce Religion, Heroism


You were on level 7 of the Dungeon.
You worshipped Okawaru.
Okawaru was aware of your devotion.
You visited 2 branches of the dungeon, and saw 8 of its levels.

You collected 412 gold pieces.

Inventory:

Hand Weapons
 a - a +0 flail
 x - a +3 flail (weapon)
Missiles
 b - a throwing net (quivered)
 s - 4 javelins
Armour
 c - a +0 buckler (worn)
 l - a +2 ring mail of positive energy (worn)
 w - a +0 helmet (worn)
 y - a +1 pair of boots (worn)
Jewellery
 d - an amulet of guardian spirit (around neck)
 n - a +6 ring of dexterity (left hand)
Wands
 k - a wand of paralysis (5)
 m - a wand of polymorph (5)
 r - a wand of acid (14)
Scrolls
 e - a scroll of poison {unknown}
 f - 2 scrolls of identify
 i - a scroll of blinking {unknown}
 j - a scroll of vulnerability {unknown}
 o - a scroll of teleportation
 v - a scroll of brand weapon {unknown}
Potions
 h - a potion of curing
 p - 2 potions of berserk rage {unknown}
 q - 2 potions of mutation {unknown}
 t - a potion of flight {unknown}
 u - a potion of brilliance {unknown}


   Skills:
 + Level 5.6 Fighting
 + Level 8.1 Maces & Flails
 + Level 5.9 Armour
 + Level 3.1 Stealth
 + Level 5.3 Shields


You had 8 spell levels left.
You didn't know any spells.
Your spell library contained the following spells:

 Spells                   Type           Power      Damage    Failure   Level
 Freeze                   Ice            0%         1d3       65%         1
 Blink                    Tloc           0%         N/A       78%         2
 Poisonous Vapours        Pois/Air       0%         N/A       78%         2
 Frozen Ramparts          Ice            0%         1d1       95%         3
 Hailstorm                Conj/Ice       0%         3d3       95%         3
 Mephitic Cloud           Conj/Pois/Air  0%         N/A       95%         3
 Ozocubu's Armour         Ice            0%         N/A       95%         3
 Manifold Assault         Tloc           0%         N/A       100%        4
 Fireball                 Conj/Fire      0%         3d3       100%        5
 Iskenderun's Battlesphe  Conj           0%         2d6       100%        5
 Conjure Ball Lightning   Conj/Air       0%         3x3d7     100%        6
 Orb of Destruction       Conj           0%         9d5       100%        7
 Ozocubu's Refrigeration  Ice            0%         4d7       100%        7
 Storm Form               Tmut/Air       0%         N/A       100%        7
 Cigotuvi's Dreadful Rot  Necr/Pois/Air  Unusable   N/A       N/A         2

Dungeon Overview and Level Annotations

Branches:
Dungeon (7/15)             Temple (1/1) D:5

Altars:
Dithmenos
Elyvilon
Gozag
Hepliaklqana
Okawaru
Qazlal
Ru
Sif Muna
Uskayaw
Vehumet
Wu Jian
Yredelemnul
Zin
The Shining One

Shops:
D:1 [[(

Annotations:
D:5 Dowan, Duvessa
D:6 1 runed translucent door
D:7 Prince Ribbit


Innate Abilities, Weirdness & Mutations

You are immune to sickness and miasma.
Your stone body is resilient. (AC +6)
You are immune to poison.
You resist negative energy. (rN+)
You are resistant to electric shocks. (rElec)
You are resistant to unholy torment.
You are immune to petrification.


Message History

Prince Ribbit blinks!
The centaur zombie hits you but does no damage.
The centaur zombie kicks you but does no damage.
A sky beast appears from thin air!
Reactivating autopickup.
You block the sky beast's attack. You block the wight's attack.
The wight closely misses you.
You hit the centaur zombie.
The centaur zombie is severely damaged.
Prince Ribbit croaks regally.
The centaur zombie hits you but does no damage.
The centaur zombie closely misses you.
The sky beast flickers out of sight!
Deactivating autopickup; reactivate with Ctrl-A.
Something hits you but does no damage. The wight barely misses you.
The wight hits you with a +0 falchion.
You sock the centaur zombie!
The centaur zombie is almost destroyed.
You block the centaur zombie's attack.
The centaur zombie kicks you but does no damage.
You block the wight's attack. The wight hits you with a +0 battleaxe!
* * * LOW HITPOINT WARNING * * *
Something hits you but does no damage.
Prince Ribbit blinks!
The centaur zombie hits you but does no damage.
The centaur zombie barely misses you.
You barely miss the centaur zombie.
The centaur zombie is almost destroyed.
The wight hits you but does no damage. Something hits you but does no damage.
You block the wight's attack. The centaur zombie closely misses you.
The centaur zombie kicks you but does no damage.
You feel better.
The centaur zombie closely misses you. x2
The wight hits you with a +0 falchion!
* * * LOW HITPOINT WARNING * * *
The wight hits you with a +0 battleaxe.
* * * LOW HITPOINT WARNING * * *
Something hits you but does no damage.
You sock the centaur zombie!
You destroy the centaur zombie!
Okawaru accepts your kill. The wight hits you with a +0 battleaxe!
You die...

.......#............#.##..#
.......##..........####...#
.......#........#..####...###
...#...#........#...........#
.z#.........#........##.....#
......z#..>~##..#############
....##.....~..Fz8##Z#
........##....zz###'#'#'#+#+#+
............<..{@)............
#.....##......zz###'#'#'#+#+#+
#.....##.......z8##z#
......>.........#####
..#........##.....
..##...............
...............#.~≈~~
#..............#.≈###
#..#........##.#.~#


You could see Prince Ribbit and 6 wights.

Vanquished Creatures
  Joseph (D:7)
  Menkaure (D:4)
  A black bear (D:7)
  A sky beast (D:7)
  An ogre (D:7)
  2 phantoms
  A bullfrog (D:6)
  A necrophage (D:7)
  3 scorpions
  4 wights (D:6)
  2 centaur zombies (D:7)
  3 hounds
  A jelly (D:5)
  Terence (D:3)
  A killer bee zombie (D:7)
  A hound zombie (D:4)
  A howler monkey zombie (D:7)
  3 adders
  A shadow imp (D:5)
  2 white imps (D:5)
  2 ufetubi
  An adder zombie (D:4)
  2 worms (D:3)
  7 ball pythons
  3 bats
  2 endoplasms
  A giant cockroach (D:2)
  8 goblins
  6 hobgoblins
  2 jackals (D:1)
  2 quokkas
  2 frilled lizards (D:1)
  8 kobolds
  2 rats
80 creatures vanquished.

Vanquished Creatures (others)
  4 fungi (D:2)
  5 plants (D:2)
9 creatures vanquished.

Grand Total: 89 creatures vanquished

Notes
Turn   | Place    | Note
-------+----------+-------------------------------------------
     0 | D:1      | karrick the Gargoyle Fighter began the quest for the Orb.
     0 | D:1      | Reached XP level 1. HP: 14/14 MP: 1/1
   105 | D:1      | Found Fiefenus's Armour Shop.
   112 | D:1      | Reached XP level 2. HP: 19/19 MP: 2/2
   117 | D:1      | Found Penel's Weapon Shop.
   178 | D:1      | Found Cairiano's Antique Armour Shop.
   577 | D:2      | Reached XP level 3. HP: 23/23 MP: 3/3
   649 | D:2      | Found a faded altar of an unknown god.
  1083 | D:3      | Noticed Terence
  1089 | D:3      | Killed Terence
  1090 | D:3      | Reached skill level 3 in Maces & Flails
  1090 | D:3      | Reached XP level 4. HP: 28/28 MP: 4/4
  1726 | D:3      | Reached XP level 5. HP: 31/33 MP: 5/5
  1998 | D:4      | Reached skill level 4 in Maces & Flails
  2024 | D:4      | Found a basalt altar of Yredelemnul.
  2183 | D:4      | Reached XP level 6. HP: 31/38 MP: 6/6
  2208 | D:4      | Found a white marble altar of Elyvilon.
  2342 | D:4      | Noticed Menkaure
  2349 | D:4      | Killed Menkaure
  2654 | D:5      | Entered Level 5 of the Dungeon
  2700 | D:5      | Reached skill level 5 in Maces & Flails
  2700 | D:5      | Reached XP level 7. HP: 44/44 MP: 7/7
  2733 | D:5      | Found a stormy altar of Qazlal.
  2867 | D:5      | Noticed Duvessa
  2868 | D:5      | Noticed Dowan
  2950 | D:6      | Reached skill level 5 in Armour
  3136 | D:6      | Found a runed translucent gate.
  3175 | D:6      | Reached skill level 5 in Fighting
  3175 | D:6      | Reached skill level 6 in Maces & Flails
  3361 | D:5      | Found a staircase to the Ecumenical Temple.
  3375 | Temple   | Entered the Ecumenical Temple
  3447 | Temple   | Became a worshipper of Warmaster Okawaru
  3501 | D:6      | Reached XP level 8. HP: 49/49 MP: 8/8
  3766 | D:7      | Found a glowing silver altar of Zin.
  3774 | D:7      | Reached skill level 7 in Maces & Flails
  3793 | D:7      | Reached skill level 5 in Shields
  3801 | D:7      | Noticed Joseph
  3860 | D:7      | Noticed Prince Ribbit
  4013 | D:7      | Killed Joseph
  4013 | D:7      | Reached * piety under Okawaru
  4080 | D:7      | Reached skill level 8 in Maces & Flails
  4080 | D:7      | Reached XP level 9. HP: 22/55 MP: 4/9
  4099 | D:7      | Slain by a wight

Illustrated notes

Levels and vault maps discovered:
D:1:      tarquinn_simple_flora_water_b, layout_basic, serial_shops, shop,
          nicolae_shop_bloodbath_and_beyond, shop_coins
D:2:      layout_loops_cross, shapermc_ecumenical_altar_mp_urbaneastern,
          chequers_serial_rivers_small_a
D:3:      layout_loops_cross, uniq_terence
D:4:      cheibrodos_helix_gallery, layout_basic,
          lemuel_zombie_altar_yredelemnul, nicolae_elyvilon_peaceful_grove,
          uniq_menkaure
D:5:      layout_basic, amcnicky_altar_gilded,
          minmay_temple_entry_statues_pillars, chequers_serial_rivers_micro_e,
          nicolae_figureground_pulse, uniq_ijyb, uniq_duvessa
D:6:      layout_basic, gammafunk_ghost_icy, kennysheep_cross_bottleneck,
          nicolae_concentric_dashed_squares_mild, minivault_25,
          kennysheep_crisscross
D:7:      layout_cave_pools, zin_academy, lemuel_mausoleum_altar_kikubaaqudgha,
          enter_bailey_3, uniq_prince_ribbit1, uniq_joseph
Temple:   eino_temple_lava

Skill      XL: |  1  2  3  4  5  6  7  8 |
---------------+-------------------------+-----
Maces & Flails | 3 4 5 6 8 |  8.1
Shields        | 4 5 |  5.3
Armour         | 4 5 |  5.9
Fighting       | 4 5 |  5.6
Stealth        | 3 |  3.1

Action                   |  1- 3 |  4- 6 |  7- 9 || total
-------------------------+-------+-------+-------++-------
Melee: Flail             |    54 |   127 |   176 ||   357
Invok: Heroism           |       |       |     1 ||     1
Evoke: Wand              |       |       |     1 ||     1
  Use: Potion            |       |       |     7 ||     7
       Scroll            |       |       |     6 ||     6
 Stab: Paralysed         |       |       |     8 ||     8
Armor: Scale mail        |    25 |     3 |       ||    28
       Ring mail         |       |    66 |   139 ||   205
Dodge: Dodged            |    31 |    64 |   130 ||   225
Block: Buckler           |     9 |    38 |    63 ||   110

Table legend: (Time is in decaauts)
 A = Elapsed time spent in this place.
 B = Non-inter-level travel time spent in this place.
 C = Inter-level travel time spent in this place.
 D = Time resting spent in this place.
 E = Time spent auto-exploring this place.
 F = Levels seen in this place.
 G = Mean time per level.
                   A        B        C        D        E       F      G
               +--------+--------+--------+--------+--------+-----+--------+
         Total |   4177 |   3998 |    179 |      0 |   2866 |   8 |  522.1 |
       Dungeon |   4096 |   3924 |    172 |      0 |   2805 |   7 |  585.1 |
        Temple |     81 |     74 |      7 |      0 |     61 |   1 |   81.0 |
               +--------+--------+--------+--------+--------+-----+--------+

Top non-repeatable levels by time:
     D:4: 861 daAuts
     D:3: 795 daAuts
     D:2: 573 daAuts
     D:6: 554 daAuts
     D:1: 513 daAuts
     D:5: 448 daAuts
     D:7: 349 daAuts
  Temple: 81 daAuts
